 Dungeon Crawl Stone Soup version 0.31-a0-83-gbff143cfd1 (webtiles) character file.

Game seed: 4475314172341030173

19 Esekla the Sneak (level 2, 0/21 HPs)
             Began as an Octopode Delver on May 25, 2023.
             Slain by an ufetubus (3 damage)
             ... on level 5 of the Dungeon.
             The game lasted 00:02:44 (333 turns).

Esekla the Sneak (Octopode Delver)                   Turns: 333, Time: 00:02:44

Health: 0/21       AC:  1    Str: 11    XL:     2   Next: 75%
Magic:  2/2        EV: 13    Int: 12    God:
Gold:   10         SH:  0    Dex: 13    Spells: 1/1 levels left

rFire   . . .        a - +0 falchion
rCold   . . .        (no shield)
rNeg    . . .        (helmet restricted)
rPois   .            (no amulet)
rElec   .            (no ring)
rCorr   .            (no ring)
SInv    .            (no ring)
Will    .....        (no ring)
Stlth   ++++         (no ring)
HPRegen 0.23/turn    (no ring)
MPRegen 0.08/turn    (no ring)
                     (no ring)

%: no passive effects
@: no status effects
A: almost no armour, amphibious, 8 rings, camouflage 1, gelatinous body 1,
(nimble swimmer 1), tentacles
a: no special abilities


You were on level 5 of the Dungeon.
You visited 1 branch of the dungeon, and saw 1 of its levels.

You collected 10 gold pieces.

Inventory:

Hand Weapons
 a - a +0 falchion (weapon)
 g - a +0 dagger
 h - a +0 trident
Wands
 f - a wand of digging (3)
Scrolls
 b - a scroll of fog
Potions
 e - a potion of haste


   Skills:
 * Level 3.1 Fighting
 * Level 2.1 Long Blades
 * Level 2.1 Dodging
 + Level 7.0 Stealth
 * Level 0.4 Spellcasting


You had one spell level left.
You didn't know any spells.
Your spell library was empty.

Dungeon Overview and Level Annotations

Branches:
Dungeon (5/15)
 Temple: D:4-7

Altars:

Shops:
D:5 *


Innate Abilities, Weirdness & Mutations

You cannot wear most types of armour.
You are amphibious.
You can wear up to eight rings at the same time.
Your skin changes colour to match your surroundings (Stealth+).
Your rubbery body absorbs attacks. (AC +1, EV +1)
((You are camouflaged when in or above water. (Stealth+)))
You have tentacles for arms and can constrict up to eight enemies at once.


Message History

Found a club.
Found a stone staircase leading down.
You see here a fizzy yellow potion.
Found 18 gold pieces.
You see here a brown potion.
An ufetubus comes into view.
The ufetubus shouts!
An adder comes into view.
There is an open door here.
Found a scroll labelled MUBBIMEETE.
As you read the scroll of fear, it crumbles to dust.
You assume a fearsome visage.
The ufetubus looks frightened!
The ufetubus shouts!
The ogre looks frightened!
The ufetubus looks frightened!
Cornered, the ufetubus turns to fight!
You open the door.
There is an open door here.
You close the door.
Something unseen opens the door.
The ufetubus hits you but does no damage.
The ufetubus hits you.
You miss the ufetubus. Your grab misses the ufetubus. The ufetubus hits you. x2
You barely miss the ufetubus. You grab the ufetubus.
You constrict the ufetubus, but do no damage.
The ufetubus barely misses you. x2; The ufetubus hits you.
The ufetubus misses you.
You miss the ufetubus.
Your attack snaps the ufetubus out of its fear.
Your grab misses the ufetubus. You constrict the ufetubus.
The ufetubus misses you. The ufetubus barely misses you.
The ufetubus closely misses you. The ufetubus hits you.
The ufetubus closely misses you. The ufetubus hits you.
* * * LOW HITPOINT WARNING * * *
The ufetubus hits you.
* * * LOW HITPOINT WARNING * * *
The ufetubus barely misses you.
You hit the ufetubus. You grab the ufetubus.
The ufetubus is almost dead.
You constrict the ufetubus, but do no damage.
You constrict the ufetubus. The ufetubus hits you.
You die...

,,,,,,,,,,,* #........#
******,,,,,* #........# *,,,,,*
#........# *,,,∩,*
#........#****** *,,,***
#....5...#,,,,,* *,,,*
#.....S..#.*+*,**** *,,,*
#...?..5...*,*,,,,*
*,,,######5######..*,*,,,,**
****,,,#.....5@# *,,*,*,,,,**
*,,,***#.......# *,**,**,,,**
*,,,* #.......#****,*,,,*,,,**
*,,,* #.......+,,,,,*,_,*,,,*#
***,,,***#.......#***,,*,,,*,,,*#
,,+,,,+,,+........,,,*,**,**,,**#
***,,,***#.......#**,,,,*,*,,,,,'
,,,,,,,,,.######## ****,*,*,,,,*#
**,*,****,* *,*,*,**,*#


You could see 2 ufetubi.

Vanquished Creatures
  An adder (D:5)
  5 orcs (D:5)
6 creatures vanquished.

Notes
Turn   | Place    | Note
-------+----------+-------------------------------------------
     0 | D:5      | Esekla the Octopode Delver began the quest for the Orb.
     0 | D:5      | Reached XP level 1. HP: 16/16 MP: 1/1
    33 | D:5      | Noticed an ogre
   118 | D:5      | Reached XP level 2. HP: 10/21 MP: 2/2
   126 | D:5      | Reached skill level 7 in Stealth
   228 | D:5      | Found Rextih's General Store.
   265 | D:5      | Noticed an ogre
   333 | D:5      | Slain by an ufetubus

Illustrated notes

Levels and vault maps discovered:
D:5:      layout_basic, mainiacjoe_overflow_surrounded_room, serial_shops, shop,
          shop, uniq_crazy_yiuf_cottage

Skill      XL: |  1  2 |
---------------+-------+-----
Stealth        | 7 |  7.0
Fighting       | |  3.1
Long Blades    | |  2.1
Dodging        | |  2.1
Spellcasting   | |  0.4

Action                     || total
---------------------------++-------
  Melee: Falchion          ||    20
         Constrict         ||     7
         Tentacles         ||     3
    Use: Scroll            ||     2
 Armour: Skin              ||     1
  Dodge: Dodged            ||    19

Table legend: (Time is in decaauts)
 A = Elapsed time spent in this place.
 B = Non-inter-level travel time spent in this place.
 C = Inter-level travel time spent in this place.
 D = Time resting spent in this place.
 E = Time spent auto-exploring this place.
 F = Levels seen in this place.
 G = Mean time per level.
                   A        B        C        D        E       F      G
               +--------+--------+--------+--------+--------+-----+--------+
         Total |    336 |    336 |      0 |     54 |     28 |   1 |  336.0 |
       Dungeon |    336 |    336 |      0 |     54 |     28 |   1 |  336.0 |
               +--------+--------+--------+--------+--------+-----+--------+

Top non-repeatable levels by time:
     D:5: 336 daAuts
